Zazza, neutral female human Tourist ------------ #-........<.| #|...........##### #------------ # ------------- ### ### #|`.........`+ # # #|.....`.....| # ####|...-----...| # ##|...|.{.|...| # ##...`|{.{|`..f@f######### --------# ----- #|...|.{ |...| # -------- |......|# ##-...| #|...-.---...| ### |......| |......|# # |...| #|.....`.....| # |......| |.......# ### |..^-#####|`.........`| ##.......| |......| # ----- ------------- |......| |[.....-######## |..^...| |......| -------- -------- Zazza the Rambler Experience level: 1 Strength: 10 Dexterity: 12 Constitution: 17 Intelligence: 10 Wisdom: 13 Charisma: 18 Health: 0(17) Energy: 0(2) Def: 8 Gold: 1617 Moves: 2376 Dungeon seed: kzBqFJ2dlOiC6m-0 Game ID: Zazza_1618928647 Your Inventory: Coins $ - 1617 gold pieces Amulets G - a cursed amulet versus poison Weapons a - 29 +2 darts (in quiver) q - a +0 axe H - a cursed +0 bec de corbin I - a cursed +0 dagger J - 32 cursed +2 darts Armor e - a blessed +0 Hawaiian shirt (being worn) n - an uncursed +0 leather jacket y - a cursed +0 Hawaiian shirt N - a cursed +0 pair of leather gloves U - an uncursed +2 dwarvish mithril-coat (being worn) Comestibles b - 2 uncursed cloves of garlic c - 2 uncursed tripe rations d - 2 uncursed eggs f - 2 uncursed food rations K - an uncursed egg L - 2 cursed eucalyptus leaves M - 7 cursed food rations O - a cursed pear Scrolls i - 2 uncursed scrolls of magic mapping p - 2 cursed scrolls of light t - an uncursed scroll of amnesia w - an uncursed scroll of light C - a cursed scroll of confuse monster D - an uncursed scroll of identify F - 3 cursed scrolls of magic mapping Spellbooks m - an uncursed spellbook of dig v - an uncursed spellbook of slow monster P - a cursed spellbook of sleep Q - an uncursed spellbook of remove curse Potions h - 3 uncursed potions of extra healing o - a blessed potion of booze z - an uncursed potion of water B - a cursed potion of gain level Rings E - a cursed +1 ring of gain strength Tools k - an expensive camera (0:43) l - an uncursed credit card R - an uncursed sack S - a cursed credit card T - an expensive camera (0:92) Gems r - an uncursed topaz stone V - a cursed chrysoberyl stone Y - a cursed worthless piece of violet glass Contents of the sack: 407 gold pieces Spells and supernatural/magical abilities: Name Level Category Fail Memory d - dig 5 matter 100% 90% W - pray for help -- divine ? -- Your skills at the end: Fighting Skills Weapon Skills dart [Basic] Spellcasting Skills Final Attributes: You were nominally aligned. You are dead. Vanquished creatures: a giant bat an iguana 2 coyotes 2 cave spiders a gnome zombie 2 geckos 2 jackals a fox a kobold 4 grid bugs 2 bats 4 lichens 3 kobold zombies 5 newts 31 creatures vanquished. Voluntary challenges: You were vegetarian. You never hit with a wielded weapon. You had been a pacifist until turn 1850. You read items or engraved 32 times, starting on turn 48. You never genocided any monsters. You never polymorphed an object. You never changed form. You used no wishes. You never split a pudding. You never wrote Elbereth's name. You never violated your personal moral code. Dungeon overview: The Dungeons of Doom: levels 1 to 7 Level 1 a fountain a long staircase Level 2 a fountain Level 3 some fountains, a sink Level 4 stairs to The Gnomish Mines Level 5 Level 6 a fountain Level 7 <- You were here many fountains The Gnomish Mines: Level 5 stairs to The Dungeons of Doom History has recorded: On T:1 you entered the Dungeons of Doom to retrieve the Amulet of Yendor! On T:207 you reached level 2 of The Dungeons of Doom. On T:672 you reached level 3 of The Dungeons of Doom. On T:1052 you reached level 4 of The Dungeons of Doom. On T:1121 you reached level 1 of The Gnomish Mines. On T:1569 you reached level 5 of The Dungeons of Doom. On T:1867 you reached level 6 of The Dungeons of Doom. On T:2050 you reached level 7 of The Dungeons of Doom. Score breakdown: Gold: 1413 (10716 points) Experience: 1 level ( 0 points) Exploration: 7 levels ( 14.29%) (10606 points) Discoveries: 1 item ( 0.34%) ( 1737 points) Valuables value: (no points given unless you survive) Artifact value: 0 ( 0 points) Variety of kills: 14 monsters ( 3.67%) ( 5750 points) Turncount: 2376 turns ( -255 points) Survival: died (score multiplied by 80%) Total score: 22843 Latest messages: The kitten misses Zazza's ghost. (2x) Armand misses Zazza's ghost. (2x) The kitten misses Zazza's ghost. Armand misses Zazza's ghost. The kitten misses Zazza's ghost. Armand misses Zazza's ghost. (2x) The kitten misses Zazza's ghost. Armand misses Zazza's ghost. You hear some noises in the distance. (3x) Something is written here in the dust. You read: "E { pw?". You see here a yellow gem. V - a yellow gem. You displace Armand. You hear some noises in the distance. You displace Armand. You hear some noises in the distance. Something is written here in the dust. You read: "E ?w". The kitten bites! (2x) You miss the kitten. The kitten misses. The kitten bites! (2x) You miss the kitten. The kitten bites! You die... Final status: Aloha Zazza the Tourist, killed by a kitten... You died in The Dungeons of Doom on dungeon level 7 with 22843 points, and 2024 pieces of gold, after 2376 moves. You were level 1 with a maximum of 17 hit points when you died.